 Dungeon Crawl Stone Soup version 0.28-a0-1347-g113dc556a4 (webtiles) character file.

Game seed: 10701598853970043595

42 oldriver the Caller (level 3, 14/14 HPs)
             Began as a Felid Summoner on Dec 29, 2021.
             Quit the game on level 4 of the Dungeon.
             The game lasted 00:05:32 (2771 turns).

oldriver the Caller (Felid Summoner)                Turns: 2771, Time: 00:05:32

Health: 14/14      AC:  1    Str:  4    XL:     3   Next: 35%
Magic:  8/8        EV: 17    Int: 18    God:
Gold:   89         SH:  0    Dex: 16    Spells: 0/8 levels left
                                        Lives:  0   Deaths: 1

rFire   . . .      SeeInvis +   (weapon unavailable)
rCold   . . .      Faith    .   (shield unavailable)
rNeg    . . .      Spirit   .   (armour unavailable)
rPois   .          Reflect  .   (helmet unavailable)
rElec   .          Harm     .   (cloak unavailable)
rCorr   .          Rampage  .   (gloves unavailable)
Will    .....                   (boots unavailable)
Stlth   ++........              (no amulet)
HPRegen 0.04/turn               (no ring)
MPRegen 0.11/turn               (no ring)

@: quick
A: very small, claws 1, fangs 3, see invisible, speed 1, shaggy fur 1, stealthy
paws, no weapons or thrown items, no armour, multi-lived
a: no special abilities


You were on level 4 of the Dungeon.
You visited 1 branch of the dungeon, and saw 4 of its levels.

You collected 89 gold pieces.

Inventory:

Wands
 k - a wand of polymorph (3)
Scrolls
 a - 2 scrolls of teleportation {unknown}
 b - a scroll of identify {unknown}
 d - a scroll of amnesia {unknown}
 h - 4 scrolls of blinking {unknown}
 i - 2 scrolls of immolation {unknown}
Potions
 c - a potion of curing {unknown}
 e - a potion of lignification {unknown}
 f - a potion of haste {unknown}
 g - a potion of degeneration {unknown}
 j - a potion of berserk rage {unknown}


   Skills:
 - Level 2.6 Dodging
 - Level 2.6 Stealth
 + Level 3.3 Spellcasting
 + Level 5.0 Summonings


You couldn't memorise any spells.
You knew the following spells:

 Your Spells              Type           Power      Damage    Failure   Level
a - Summon Small Mammal   Summ           84%        N/A       1%          1
b - Call Imp              Summ           21%        N/A       3%          2
c - Call Canine Familiar  Summ           21%        N/A       6%          3
d - Summon Guardian Gole  Hex/Summ       12%        N/A       17%         3

Your spell library contained the following spells:

 Spells                   Type           Power      Damage    Failure   Level
 Magic Dart               Conj           12%        1d3       16%         1
 Corpse Rot               Necr/Air       6%         N/A       24%         2
 Searing Ray              Conj           6%         2d4       24%         2
 Summon Lightning Spire   Summ/Air       12%        N/A       50%         4
 Dispel Undead            Necr           3%         3d7       83%         4
 Fulminant Prism          Conj/Hex       1%         3d6       83%         4
 Death Channel            Necr           1%         N/A       100%        6


Dungeon Overview and Level Annotations

Branches:
Dungeon (4/15)
 Temple: D:4-7

Altars:
Makhleb
Sif Muna
Xom


Innate Abilities, Weirdness & Mutations

You have sharp claws.
You have razor-sharp teeth.
You have supernaturally acute eyesight. (SInv)
You cover ground quickly. (Speed+)
You are covered in fur. (AC +1)
Your paws help you pounce on unaware monsters.
You are incapable of wielding weapons or throwing items.
You cannot wear armour.
You gain extra lives every three experience levels.


Message History

Your rat disappears in a puff of smoke!
Your quokka disappears in a puff of smoke!
Magic restored.
Your crimson imp disappears in a puff of smoke!
Key pressed, stopping explore.
HP restored.
k - a wand of polymorph (3) As you open the door, it creaks loudly!
There is an open door here.
As you open the door, it creaks loudly!
You hear an angry buzzing noise.
There is an open door here.
You open the door.
There is an open door here.
Found a stone staircase leading down.
A hornet comes into view.
A hornet is nearby!
A beastly little devil appears in a puff of flame.
Casting: Call Imp (safe; 3% risk of failure)
Confirm with . or Enter, or press ? or * to list all spells.
Your crimson imp completely misses the hornet.
Your crimson imp blinks!
Your rat bites the hornet but does no damage.
Casting: Summon Small Mammal (safe; 1% risk of failure)
Confirm with . or Enter, or press ? or * to list all spells.
The hornet closely misses you.
Your rat bites the hornet but does no damage.
The hornet stings you!
You feel yourself slow down.
Your crimson imp blinks!
The hornet misses you.
You feel yourself speed up.
Your quokka bites the hornet but does no damage.
Your crimson imp blinks!
The hornet stings you!
Ouch! That really hurt!
You die...
You are lethally poisoned!
You feel yourself slow down.
You are now level 3!
You rejoin the land of the living...
Are you sure you want to abandon this character and quit the game? (Confirm with "yes".)

...........#8..8#
...........##..##
#+###+###### ###
##+###
###....###..#
#....@.......
#............
#............
#............
#############


There were no monsters in sight!

Vanquished Creatures
  4 bats
  2 endoplasms
  A goblin (D:1)
  3 hobgoblins
  A jackal (D:1)
  2 ball pythons
  A kobold (D:3)
14 creatures vanquished.

Vanquished Creatures (collateral kills)
  A jelly (D:3)
  A worm (D:3)
  3 orcs (D:3)
  4 ball pythons
  3 endoplasms
  4 giant cockroaches
  3 goblins
  An iguana (D:3)
  3 jackals (D:1)
  2 quokkas (D:2)
  5 bats
  A kobold (D:2)
  4 rats
35 creatures vanquished.

Grand Total: 49 creatures vanquished

Notes
Turn   | Place    | Note
-------+----------+-------------------------------------------
     0 | D:1      | oldriver the Felid Summoner began the quest for the Orb.
     0 | D:1      | Reached XP level 1. HP: 7/7 MP: 4/4
   205 | D:1      | Reached XP level 2. HP: 11/11 MP: 3/6
  1087 | D:2      | Reached XP level 3. HP: 14/14 MP: 8/8
  1090 | D:2      | Learned a level 2 spell: Call Imp
  1094 | D:2      | Learned a level 3 spell: Summon Guardian Golem
  2052 | D:3      | Reached skill level 5 in Summonings
  2052 | D:3      | Reached XP level 4. HP: 18/18 MP: 2/9
  2124 | D:3      | Found a shimmering altar of Xom.
  2271 | D:3      | Found a burning altar of Makhleb.
  2273 | D:3      | Noticed a cacodemon
  2332 | D:3      | Found a shimmering blue altar of Sif Muna.
  2428 | D:3      | Found a faded altar of an unknown god.
  2610 | D:3      | Learned a level 3 spell: Call Canine Familiar
  2759 | D:4      | Noticed a hornet
  2770 | D:4      | Slain by a hornet
  2771 | D:4      | Reached XP level 3. HP: -3/14 MP: 7/8
  2771 | D:4      | Quit the game

Illustrated notes

Levels and vault maps discovered:
D:1:      minmay_arrival_open_corners, layout_rooms, minivault_26,
          ebering_dispersal_statue_hall, hangedman_abyss_or_decor_lesser_grid
D:2:      minmay_skewed_foursquare, layout_basic
D:3:      layout_basic, dk_xom_monty_hall, old_standard_altar,
          makhleb_altar_promises_db, chequers_ecumenical_altar_simple_redux
D:4:      layout_gridville, st_stairs_6, serial_bayou_pond_e

Skill      XL: |  1  2  3 |
---------------+----------+-----
Spellcasting   | 3 |  3.3
Summonings     | 5 |  5.0
Dodging        | |  2.6
Stealth        | |  2.6

Action                   |  1- 3 |  4- 6 || total
-------------------------+-------+-------++-------
Melee: Unarmed           |    50 |     3 ||    53
       Bite              |     5 |       ||     5
 Cast: Summon Small Mamm |    49 |     6 ||    55
       Call Imp          |    16 |     5 ||    21
 Stab: Sleeping          |     2 |       ||     2
       Distracted        |     1 |       ||     1
Armor: Skin              |    10 |       ||    10
Dodge: Dodged            |    66 |     7 ||    73

Table legend: (Time is in decaauts)
 A = Elapsed time spent in this place.
 B = Non-inter-level travel time spent in this place.
 C = Inter-level travel time spent in this place.
 D = Time resting spent in this place.
 E = Time spent auto-exploring this place.
 F = Levels seen in this place.
 G = Mean time per level.
                   A        B        C        D        E       F      G
               +--------+--------+--------+--------+--------+-----+--------+
         Total |   2456 |   2425 |     31 |     86 |   1815 |   4 |  614.0 |
       Dungeon |   2456 |   2425 |     31 |     86 |   1815 |   4 |  614.0 |
               +--------+--------+--------+--------+--------+-----+--------+

Top non-repeatable levels by time:
     D:3: 931 daAuts
     D:1: 696 daAuts
     D:2: 686 daAuts
     D:4: 141 daAuts
